 Dungeon Crawl Stone Soup version 0.30.0-29-ga12c61a403 (webtiles) character file.

Game seed: 12756536270638506712

6107 Cheops the Covert (level 10, -2/78 HPs)
             Began as an Armataur Earth Elementalist on June 17, 2023.
             Was a Believer of Uskayaw.
             Slain by an unseen horror (3 damage)
             ... on level 10 of the Dungeon.
             The game lasted 00:34:17 (13734 turns).

Cheops the Covert (Armataur Earth Elementalist)    Turns: 13734, Time: 00:34:18

Health: -2/78      AC:  7    Str: 14    XL:     10   Next: 58%
Magic:  12/14      EV: 14    Int: 25    God:    Uskayaw [**....]
Gold:   575        SH:  0    Dex: 11    Spells: 5/15 levels left

rFire   . . .        a - staff of earth {!a}
rCold   . . .        (no shield)
rNeg    . . .        o - +0 robe
rPois   .            x - +0 helmet
rElec   .            v - +0 cloak
rCorr   .            w - +0 pair of gloves
SInv    .            (no barding)
Will    .....        d - amulet of the acrobat
Stlth   +++++        g - +5 ring of evasion
HPRegen 0.33/turn    t - +6 ring of intelligence
MPRegen 0.14/turn

%: acrobat, roll
@: no status effects
A: large, rugged brown scales 3, deformed body, armoured tail, roll, long
tongue, awkward tongue
a: Renounce Religion, Stomp, Line Pass


You were on level 10 of the Dungeon.
You worshipped Uskayaw.
Uskayaw was noncommittal.
You visited 2 branches of the dungeon, and saw 11 of its levels.

You collected 575 gold pieces.

Inventory:

Hand Weapons
 b - a +4 dagger of freezing
 c - a +3 short sword of holy wrath
 s - a +4 short sword
 E - a +3 dagger
 F - a +1 scimitar of flaming
 H - a +1 short sword of freezing
Armour
 o - a +0 robe (worn)
 v - a +0 cloak (worn)
 w - a +0 pair of gloves (worn)
 x - a +0 helmet (worn)
Magical Staves
 a - a staff of earth (weapon) {!a}
 p - a staff of poison
Jewellery
 d - an amulet of the acrobat (around neck)
 e - a ring of protection from fire
 g - a +5 ring of evasion (left hand)
 t - a +6 ring of intelligence (right hand)
 y - a ring of positive energy
 C - an amulet of faith
 M - an amulet of regeneration
 O - a +6 ring of strength
Wands
 l - a wand of iceblast (7)
 u - a wand of acid (3)
Scrolls
 f - 5 scrolls of teleportation
 h - 3 scrolls of fear
 i - a scroll of silence {unknown}
 j - 3 scrolls of enchant armour {unknown}
 r - a scroll of immolation {unknown}
 B - a scroll of amnesia
 K - a scroll of vulnerability
 L - 3 scrolls of poison {unknown}
 N - a scroll of torment {unknown}
Potions
 k - 4 potions of curing {unknown}
 m - a potion of lignification {unknown}
 n - 2 potions of heal wounds {unknown}
 q - a potion of invisibility {unknown}
 z - a potion of berserk rage {unknown}
 A - 3 potions of mutation {unknown}
 D - 2 potions of magic
 G - a potion of degeneration {unknown}
 I - a potion of might
 J - a potion of flight {unknown}


   Skills:
 - Level 2.0 Fighting
 - Level 5.0 Short Blades
 - Level 1.3 Dodging
 + Level 13.0 Stealth
 - Level 3.0 Spellcasting
 - Level 6.0 Conjurations
 - Level 0.8 Transmutations
 - Level 7.0 Earth Magic
 * Level 0.0 Invocations
 * Level 0.0 Evocations


You had 5 spell levels left.
You knew the following spells:

 Your Spells              Type           Power      Damage    Failure   Level
a - Sandblast             Erth           100%       2d20      1%          1
b - Stone Arrow           Conj/Erth      100%       3d13      1%          3
p - Petrify               Tmut/Erth      35%        N/A       21%         4
P - Passwall              Tmut/Erth      29%        N/A       3%          2

Your spell library contained the following spells:

 Spells                   Type           Power      Damage    Failure   Level
 Static Discharge         Conj/Air       36%        2-4/arc   4%          2
 Hailstorm                Conj/Ice       18%        3d6       9%          3
 Freeze                   Ice            12%        1d3       10%         1
 Slow                     Hex            12%        N/A       10%         1
 Mephitic Cloud           Conj/Pois/Air  13%        N/A       13%         3
 Poisonous Vapours        Pois/Air       6%         N/A       16%         2
 Sublimation of Blood     Necr           3%         N/A       16%         2
 Ignite Poison            Fire/Tmut/Pois 5%         N/A       26%         3
 Sticky Flame             Conj/Fire      18%        2d4       28%         4
 Confusing Touch          Hex            3%         N/A       30%         3
 Frozen Ramparts          Ice            6%         1d1       30%         3
 Inner Flame              Hex/Fire       3%         N/A       30%         3
 Vampiric Draining        Necr           3%         2d6       30%         3
 Irradiate                Conj/Tmut      10%        3d15      56%         5
 Ice Form                 Ice/Tmut       5%         N/A       63%         4
 Airstrike                Air            1%         2d(1-17)  69%         4
 Summon Lightning Spire   Summ/Air       3%         N/A       69%         4
 Freezing Cloud           Conj/Ice/Air   6%         6-21      77%         5
 Yara's Violent Unravell  Hex/Tmut       2%         3d3       93%         5
 Simulacrum               Ice/Necr       1%         N/A       100%        6
 Enfeeble                 Hex            1%         N/A       100%        7
 Ignition                 Fire           1%         3d3       100%        8


Dungeon Overview and Level Annotations

Branches:
Dungeon (10/15)            Temple (1/1) D:7            Lair (0/5) D:9
    Orc: D:9-12

Altars:
Ashenzari
Cheibriados
Dithmenos
Elyvilon
Fedhas
Gozag
Hepliaklqana
Kikubaaqudgha
Makhleb
Nemelex Xobeh
Okawaru
Qazlal
Ru
Sif Muna
Trog
Uskayaw
Vehumet
Wu Jian
Xom
Yredelemnul
Zin
The Shining One

Shops:
D:2 [

Annotations:
D:2 1 runed translucent door, Crazy Yiuf
D:3 2 transporters, 0gre's ghost, amateur GnWn
D:5 3 runed translucent doors, NotreDorf's ghost, novice MfVM
D:10 Grum


Innate Abilities, Weirdness & Mutations

You are completely covered in rugged brown scales. (AC +3, +7% HP)
Armour fits poorly on your strangely shaped body.
You have a long armoured tail.
You roll when moving toward enemies. (Rampage)
Your long tongue fully drains potion bottles. (2x potion effects)
Your tongue gives you trouble enunciating. (1.5x scroll delay)


Message History

* * * LOW HITPOINT WARNING * * *
Your magical contamination has completely faded away.
You swing at nothing.
Something hits you.
* * * LOW HITPOINT WARNING * * *
You swing at nothing.
Something hits you but does no damage.
Casting: Petrify (dangerous; 21% risk of failure)
Confirm with . or Enter, or press ? or * to list all spells.
Okay, then.
Aiming: Corrosive Bolt
Press: ? - help, Shift-Dir - straight line Something hits you but does no damage.
Aiming: Iceblast
Press: ? - help, Shift-Dir - straight line The mass of ice explodes!
You hear a howl!
You hear an angry growl.
Something hits you.
* * * LOW HITPOINT WARNING * * *
Aiming: Corrosive Bolt
Press: ? - help, Shift-Dir - straight line The bolt of acid hits something!
The acid corrodes something!
Something hits you!
* * * LOW HITPOINT WARNING * * *
Aiming: Iceblast
Press: ? - help, Shift-Dir - straight line The mass of ice explodes!
The wyvern hisses angrily.
You hear a howl!
Something hits you.
* * * LOW HITPOINT WARNING * * *
Aiming: Iceblast
Press: ? - help, Shift-Dir - straight line The mass of ice explodes!
The iceblast engulfs something!
The iceblast engulfs you!
* * * LOW HITPOINT WARNING * * *
Something hits you but does no damage. Something hits you.
* * * LOW HITPOINT WARNING * * *
You can now pass through a line of other dancers.
Something hits you.
* * * LOW HITPOINT WARNING * * *
Something hits you.
You die...

########..............
##.....................$.........
##.#####.........................
.#..# #.................!$......
....## #.........................
##...####........#...............
###....###..>...##...............
# ##....######.######............
# #.....#####..@.##..........###
#........l.(##....#......<....
#.............................
#...##.......##...#.......#...
#...#..#.##...........######.[
#.....##.##...........# ..
#.######............#... . ####.#
###..........##.. .....#
#.........>#


You could see a wyvern.

Vanquished Creatures
  Josephine (D:10)
  A death knight (D:9)
  A hornet (D:7)
  Sigmund (D:4)
  8 wraiths
  2 wyverns
  A steam dragon (D:8)
  2 orc warriors
  A sky beast (D:7)
  A black bear (D:4)
  A wolf (D:10)
  2 kobold brigands
  2 bullfrogs
  A gnoll sergeant (D:7)
  A scorpion (D:6)
  12 wights
  6 killer bees (D:8)
  3 howler monkeys (D:7)
  A lava snake (D:7)
  2 jellies (D:5)
  2 hounds
  2 gnoll boudas
  4 orc priests
  2 iguanas (D:4)
  12 orc wizards
  18 gnolls
  9 adders
  A shadow imp (D:6)
  2 white imps
  An ufetubus (D:6)
  2 worms
  3 dart slugs
  30 orcs
  11 ball pythons
  4 bats
  6 endoplasms
  4 giant cockroaches
  5 goblins
  10 hobgoblins
  4 jackals (D:4)
  A quokka (D:1)
  A frilled lizard (D:3)
  13 kobolds
  3 rats
200 creatures vanquished.

Notes
Turn   | Place    | Note
-------+----------+-------------------------------------------
     0 | D:1      | Cheops the Armataur Earth Elementalist began the quest for
                  | the Orb.
     0 | D:1      | Reached XP level 1. HP: 14/14 MP: 3/3
     3 | D:1      | You fall into a shaft and drop 1 floor!
   203 | D:1      | Reached XP level 2. HP: 21/21 MP: 1/5
  1291 | D:2      | Found Ganubluh's Antique Armour Shop.
  1296 | D:2      | Reached XP level 3. HP: 27/27 MP: 2/6
  1299 | D:2      | Learned a level 2 spell: Passwall
  1303 | D:2      | Learned a level 3 spell: Stone Arrow
  1509 | D:2      | Found an ancient bone altar of Kikubaaqudgha.
  1538 | D:2      | Reached skill level 3 in Stealth
  1824 | D:2      | Found a runed translucent door.
  1825 | D:2      | Noticed Crazy Yiuf
  2122 | D:3      | Found a transporter.
  2124 | D:3      | Noticed 0gre's ghost (amateur GnWn)
  2230 | D:3      | Reached XP level 4. HP: 35/35 MP: 4/7
  2479 | D:3      | Noticed a necrophage
  3183 | D:3      | Found a transporter.
  3409 | D:4      | Reached XP level 5. HP: 40/40 MP: 2/8
  3649 | D:4      | Reached skill level 4 in Stealth
  3765 | D:4      | Noticed a black bear
  3770 | D:4      | Killed a black bear
  3771 | D:4      | Reached skill level 5 in Stealth
  3771 | D:4      | Reached skill level 5 in Earth Magic
  3771 | D:4      | Reached XP level 6. HP: 48/48 MP: 5/9
  4107 | D:4      | Reached skill level 1 in Conjurations
  4772 | D:4      | Noticed Sigmund
  4776 | D:4      | Killed Sigmund
  4777 | D:4      | Reached skill level 6 in Stealth
  4777 | D:4      | Reached XP level 7. HP: 43/53 MP: 5/10
  4831 | D:4      | Found a white marble altar of Elyvilon.
  5003 | D:5      | Entered Level 5 of the Dungeon
  5855 | D:5      | Reached skill level 7 in Stealth
  6015 | D:5      | Found a runed translucent gate.
  6016 | D:5      | Found a runed translucent gate.
  6017 | D:5      | Found a runed translucent gate.
  6019 | D:5      | Noticed NotreDorf's ghost (novice MfVM)
  6019 | D:5      | Identified the +2 sling "Founu" {drain, rC+ Will+ Str+2}
  6723 | D:6      | Reached skill level 8 in Stealth
  6723 | D:6      | Reached XP level 8. HP: 60/60 MP: 3/11
  7232 | D:6      | Reached skill level 1 in Fighting
  7232 | D:6      | Reached skill level 1 in Short Blades
  8320 | D:7      | Noticed a hornet
  8326 | D:7      | Paralysed by a hornet for 3 turns
  8331 | D:7      | Killed a hornet
  8332 | D:7      | Reached skill level 9 in Stealth
  8718 | D:7      | Reached XP level 9. HP: 71/71 MP: 11/13
  8723 | D:7      | Learned a level 4 spell: Petrify
  8737 | D:7      | Found a staircase to the Ecumenical Temple.
  8764 | Temple   | Entered the Ecumenical Temple
  8906 | Temple   | Became a worshipper of Uskayaw the Reveller
  9070 | D:7      | Reached * piety under Uskayaw
  9073 | D:7      | Reached ** piety under Uskayaw
  9425 | D:7      | Reached *** piety under Uskayaw
  9463 | D:7      | Reached skill level 10 in Stealth
 10145 | D:8      | Reached **** piety under Uskayaw
 10625 | D:8      | Identified a scroll of acquirement
 10628 | D:8      | Acquired a staff of earth
 10702 | D:9      | Reached skill level 11 in Stealth
 11239 | D:9      | Found a staircase to the Lair.
 11259 | D:9      | Noticed a death knight
 11266 | D:9      | Killed a death knight
 11267 | D:9      | Reached skill level 5 in Conjurations
 11267 | D:9      | Reached XP level 10. HP: 78/78 MP: 2/14
 12482 | D:9      | Reached skill level 12 in Stealth
 12966 | D:10     | Entered Level 10 of the Dungeon
 13147 | D:10     | Noticed Josephine
 13160 | D:10     | Killed Josephine
 13334 | D:10     | Reached skill level 5 in Short Blades
 13468 | D:10     | Noticed Grum
 13487 | D:10     | Reached skill level 13 in Stealth
 13733 | D:10     | HP: 3/78 [something (6)]
 13734 | D:10     | HP: 1/78 [something (2)]
 13734 | D:10     | Slain by an unseen horror

Illustrated notes

Levels and vault maps discovered:
D:1:      dpeg_arrival_tiny_e, layout_basic
D:2:      layout_basic, basic_altar, serial_shops, shop, uniq_crazy_yiuf_cottage
D:3:      layout_basic, gammafunk_ghost_mausoleum
D:4:      minmay_recursive_quarters, layout_loops_ring,
          mainiacjoe_overflow_brackets, minmay_misc_feat_x, uniq_sigmund
D:5:      layout_basic, biasface_ghost_orc_armoury
D:6:      layout_loops_corners
D:7:      layout_gridville, minmay_temple_entry_slanted, grunt_decor_junction
D:8:      layout_loops_ring
D:9:      layout_grid_maze, lair_entry_dummy
D:10:     layout_rooms, chequers_serial_rivers_marsh, minmay_pinched_square,
          uniq_grum, uniq_josephine
Temple:   grunt_wide_crystal_templ

Skill      XL: |  1  2  3  4  5  6  7  8  9 10 |
---------------+-------------------------------+-----
Spellcasting   | 2 3 |  3.0
Earth Magic    | 3 4 5 7 |  7.0
Stealth        | 3 5 6 8 9 11 13 | 13.0
Conjurations   | 3 4 5 6 |  6.0
Fighting       | 2 |  2.0
Short Blades   | 3 5 |  5.0
Dodging        | |  1.3
Transmutations | |  0.8

Action                     |  1- 3 |  4- 6 |  7- 9 | 10-12 || total
---------------------------+-------+-------+-------+-------++-------
  Melee: Unarmed           |     4 |       |       |       ||     4
         Short sword       |     6 |       |    19 |    13 ||    38
         Tailslap          |       |       |     6 |     2 ||     8
         Dagger            |       |       |    14 |     2 ||    16
         Staff             |       |       |       |     2 ||     2
   Cast: Sandblast         |    59 |    97 |   142 |    36 ||   334
         Stone Arrow       |       |       |    51 |    25 ||    76
         Passwall          |       |       |     4 |     4 ||     8
  Evoke: Wand              |       |       |     4 |     5 ||     9
    Use: Scroll            |       |       |    10 |     1 ||    11
   Stab: Paralysed         |       |       |     4 |     1 ||     5
         Sleeping          |       |       |       |     1 ||     1
 Armour: Robe              |    11 |    10 |    35 |    20 ||    76
  Dodge: Dodged            |    22 |    32 |   154 |    60 ||   268
